 Dungeon Crawl Stone Soup version 0.31-a0-180-g519b7de00c (webtiles) character file.

Game seed: 9929699432357659467

7 Maxmaps the Slasher (level 1, 0/16 HPs)
             Began as a Demonspawn Gladiator on June 19, 2023.
             Slain by a ball python (2 damage)
             ... on level 1 of the Dungeon.
             The game lasted 00:00:17 (162 turns).

Maxmaps the Slasher (Demonspawn Gladiator)           Turns: 162, Time: 00:00:17

Health: 0/16       AC:  4    Str: 14    XL:     1   Next: 91%
Magic:  1/1        EV: 12    Int:  9    God:
Gold:   12         SH:  0    Dex: 14    Spells: 0/0 levels left

rFire   . . .        a - +0 long sword
rCold   . . .        (no shield)
rNeg    . . .        b - +0 leather armour
rPois   .            c - +0 helmet
rElec   .            (no cloak)
rCorr   .            (no gloves)
SInv    .            (no boots)
Will    .....        (no amulet)
Stlth   +            (no ring)
HPRegen 0.22/turn    (no ring)
MPRegen 0.07/turn

%: no passive effects
@: no status effects
A: no striking features
a: no special abilities


You were on level 1 of the Dungeon.
You visited 1 branch of the dungeon, and saw 1 of its levels.

You collected 12 gold pieces.

Inventory:

Hand Weapons
 a - a +0 long sword (weapon)
Missiles
 d - 3 throwing nets (quivered)
 e - a javelin
Armour
 b - a +0 leather armour (worn)
 c - a +0 helmet (worn)
Potions
 f - a potion of heal wounds {unknown}


   Skills:
 - Level 2.0 Fighting
 + Level 3.2 Long Blades
 - Level 1.7 Throwing
 - Level 2.6 Dodging


You couldn't memorise any spells.
You didn't know any spells.
Your spell library was empty.

Dungeon Overview and Level Annotations

Branches:
Dungeon (1/15)

Altars:


Message History

* * * LOW HITPOINT WARNING * * *
The jackal attacks as you move away! The jackal barely misses you.
The ball python attacks as you move away!
The ball python misses you. The jackal closely misses you.
The jackal barely misses you. The jackal barely misses you.
The jackal attacks as you move away! The jackal bites you.
* * * LOW HITPOINT WARNING * * *
The jackal attacks as you move away! The jackal closely misses you. x2
Unknown command.
Unknown command.
Unknown command.
You closely miss the jackal. The jackal misses you.
You hit the jackal.
The jackal is heavily wounded.
The jackal closely misses you. The jackal barely misses you.
You hit the jackal.
You kill the jackal!
The jackal misses you.
You hit the jackal.
The jackal is severely wounded.
The jackal closely misses you.
You closely miss the jackal.
The jackal is severely wounded.
The jackal bites you.
* * * LOW HITPOINT WARNING * * *
The jackal bites you.
* * * LOW HITPOINT WARNING * * *
You hit the jackal.
You kill the jackal!
The jackal barely misses you.
You barely miss the jackal.
The jackal bites you but does no damage.
The jackal barely misses you.
You barely miss the jackal. The jackal misses you.
The jackal barely misses you.
You hit the jackal.
You kill the jackal!
The ball python bites you.
You die...

.........................#
..................>......#
.....w..#................#
........#................#
........#................#
........+................#
#......##.#######.#######
#....†.##.#######.#######
#..........w.S@...........
#.........########.######.
..........# #.#
..........# #.#
....####### #.# ....
############.# ###
#............#
#............#
#............#


You could see a dart slug and a ball python.

Vanquished Creatures
  4 jackals (D:1)
  2 kobolds (D:1)
  A rat (D:1)
7 creatures vanquished.

Notes
Turn   | Place    | Note
-------+----------+-------------------------------------------
     0 | D:1      | Maxmaps the Demonspawn Gladiator began the quest for the
                  | Orb.
     0 | D:1      | Reached XP level 1. HP: 16/16 MP: 1/1
   146 | D:1      | Reached skill level 3 in Long Blades
   162 | D:1      | Slain by a ball python

Illustrated notes

Levels and vault maps discovered:
D:1:      minmay_arrival_four_houses, layout_basic

Skill      XL: |  1 |
---------------+----+-----
Long Blades    | 3 |  3.2
Fighting       | |  2.0
Throwing       | |  1.7
Dodging        | |  2.6

Action                     || total
---------------------------++-------
  Melee: Long sword        ||    21
 Armour: Leather armour    ||     7
  Dodge: Dodged            ||    37

Table legend: (Time is in decaauts)
 A = Elapsed time spent in this place.
 B = Non-inter-level travel time spent in this place.
 C = Inter-level travel time spent in this place.
 D = Time resting spent in this place.
 E = Time spent auto-exploring this place.
 F = Levels seen in this place.
 G = Mean time per level.
                   A        B        C        D        E       F      G
               +--------+--------+--------+--------+--------+-----+--------+
         Total |    167 |    167 |      0 |      0 |    117 |   1 |  167.0 |
       Dungeon |    167 |    167 |      0 |      0 |    117 |   1 |  167.0 |
               +--------+--------+--------+--------+--------+-----+--------+

Top non-repeatable levels by time:
     D:1: 167 daAuts
